 Dungeon Crawl Stone Soup version 0.19-a0-981-gaae9137 (webtiles) character file.

196 mistymad the Poker (level 5, -2/61 HPs)
             Began as a Merfolk Skald on July 14, 2016.
             Was a Follower of Fedhas.
             Slain by an adder (3 damage)
             ... on level 3 of the Dungeon.
             The game lasted 00:08:30 (3825 turns).

mistymad the Poker (Merfolk Skald)                  Turns: 3825, Time: 00:08:31

Health: -2/61      AC: 22    Str: 13    XL:     5   Next: 75%
Magic:  7/8        EV:  2    Int: 12    God:    Fedhas [*.....]
Gold:   194        SH: 10    Dex: 13    Spells: 3 memorised, 4 levels left

rFire  . . .     SeeInvis .     a - +0 spear
rCold  . . .     Gourm    .     (armour currently unavailable)
rNeg   + + +     Faith    .     w - +0 large shield
rPois  +         Spirit   .     (helmet currently unavailable)
rElec  .         Dismiss  .     (cloak currently unavailable)
rCorr  .         Reflect  .     (gloves currently unavailable)
SustAt .         Harm     .     (boots currently unavailable)
MR     .....     NoTele   +     (no amulet)
Stlth  +.........               (no ring)
                                (no ring)

@: lethally poisoned (-2 -> -3), tree-form, very slightly contaminated, not
resistant to hostile enchantments, very unstealthy
A: (change form in water), (swift swim)
a: Evolution, Renounce Religion


You were on level 3 of the Dungeon.
You worshipped Fedhas.
Fedhas was aware of your devotion.
You were near starving.
You were a tree.
You visited 1 branch of the dungeon, and saw 4 of its levels.

You collected 194 gold pieces.

Inventory:

Hand Weapons
 a - a +0 spear (weapon)
Missiles
 y - a throwing net (quivered)
Armour
 b - a +0 leather armour (melded)
 w - a +0 large shield (worn)
Scrolls
 e - a scroll of enchant weapon {unknown}
 f - 2 scrolls of enchant armour {unknown}
 g - a scroll of magic mapping {unknown}
 h - 2 scrolls of blinking {unknown}
 j - a scroll of recharging {unknown}
 k - a scroll of fear {unknown}
 o - 2 scrolls of fog {unknown}
 q - 3 scrolls of identify {unknown}
 s - 2 scrolls of teleportation {unknown}
 v - a scroll of noise {unknown}
Potions
 l - a potion of lignification
 n - a potion of degeneration {unknown}
 r - 2 potions of invisibility {unknown}
 t - a potion of curing {unknown}
 u - a potion of flight {unknown}
Books
 c - a book of Battle

   Spells                             Type                      Level
   a - Infusion                       Charms                       1
   b - Shroud of Golubria             Charms/Translocation         2
   c - Song of Slaying                Charms                       2
   d - Spectral Weapon                Hexes/Charms                 3
   e - Regeneration                   Charms/Necromancy            3
Comestibles
 d - 2 bread rations
 i - a slice of pizza
 m - a royal jelly
 p - a beef jerky
 x - a meat ration


   Skills:
 + Level 3.1 Fighting
 + Level 4.4 Polearms
 - Level 1.5 Armour
 + Level 3.4 Dodging
 + Level 0.0 Shields
 + Level 2.6 Spellcasting
 + Level 4.1 Charms


You had 4 spell levels left.
You knew the following spells:

 Your Spells              Type           Power        Failure   Level  Hunger
a - Infusion              Chrm           ##..         96%         1    #......
b - Song of Slaying       Chrm           ##......     99%         2    ###....
c - Shroud of Golubria    Chrm/Tloc      #.........   100%        2    ###....


Dungeon Overview and Level Annotations

Branches:
Dungeon (4/15)
 Temple: D:4-7

Altars:
Fedhas


Message History

The adder is moderately wounded.
You block the adder's attack. The adder closely misses you.
You hit the adder.
The adder is severely wounded.
You feel sick. The adder bites you.
* * * LOW HITPOINT WARNING * * *
You take 2 damage, and have 8/41 hp.
Unknown command.
You miss the adder.
The adder is severely wounded.
The adder bites you.
* * * LOW HITPOINT WARNING * * *
The adder bites you.
* * * LOW HITPOINT WARNING * * *
You take 7 damage, and have 1/41 hp.
It was a potion of lignification.
You turn into a tree.
Your +0 leather armour melds into your body.
Your roots penetrate the ground.
The adder bites you.
You die...
Fedhas appreciates your contribution to the ecosystem.

...<....#.[<## ####.###...#
....###.###).## #...#.###
.>..)....###..## ######...####
#######..# ##.)# #...........##
#.#####..#####)####.#########..#
#...........(.......# ##.##
#.######.#..........### #..# #.#
#.##...........#### ##.# #.#
#.##....S♣.>......######.. #.#
#.##........##........#### #.#
#..#...................... #.#
##..........#####..##.#### #.#
##.........## ##.##.# #.#
##.........## #....#### #.#
######.######..#######..... #.#
##....).# ##.....#....... #.#
##.......## #####.........


You could see an adder.

Vanquished Creatures
  An orc priest (D:2)
  3 gnolls (D:3)
  6 adders
  3 oozes
  An adder skeleton (D:4)
  A dart slug (D:3)
  A giant gecko (D:3)
  10 orcs
  7 bats
  4 hobgoblins
  2 quokkas
  3 giant newts
  8 goblins
  7 kobolds
  4 rats
61 creatures vanquished.

Vanquished Creatures (others)
  26 toadstools
26 creatures vanquished.

Grand Total: 87 creatures vanquished

Notes
Turn   | Place    | Note
-------+----------+-------------------------------------------
     0 | D:1      | mistymad the Merfolk Skald began the quest for the Orb.
     0 | D:1      | Reached XP level 1. HP: 16/16 MP: 3/3
   258 | D:1      | Reached XP level 2. HP: 15/23 MP: 5/5
   947 | D:2      | Found a blossoming altar of Fedhas.
   963 | D:2      | Became a worshipper of Fedhas Madash
  1003 | D:2      | Reached skill level 1 in Armour
  1003 | D:2      | Reached XP level 3. HP: 26/28 MP: 6/6
  1660 | D:3      | Reached XP level 4. HP: 34/34 MP: 7/7
  2154 | D:3      | Learned a level 2 spell: Song of Slaying
  2157 | D:3      | Learned a level 2 spell: Shroud of Golubria
  2367 | D:3      | Reached XP level 5. HP: 11/40 MP: 8/8
  3228 | D:3      | Reached * piety under Fedhas
  3824 | D:3      | HP: 1/41 [adder (4)]
  3825 | D:3      | Slain by an adder

Vault maps used:
D:1:      dpeg_arrival_long_road, serial_bayou_pond_d
D:2:      kennysheep_big_flooded_room, minivault_19, fedhas_altar_1
D:4:      serial_shops, nicolae_shop_competitors_out_of_business, first_bread

Skill      XL: |  1  2  3  4  5 |
---------------+----------------+-----
Dodging        | 2 3 |  3.4
Armour         | 1 |  1.5
Polearms       | 4 |  4.4
Fighting       | 3 |  3.1
Charms         | 4 |  4.1
Spellcasting   | |  2.6

Action                   |  1- 3 |  4- 6 || total
-------------------------+-------+-------++-------
Melee: Spear             |   115 |   198 ||   313
       Tailslap          |     1 |       ||     1
 Cast: Infusion          |       |     3 ||     3
       Shroud of Golubri |       |     1 ||     1
       Song of Slaying   |       |     1 ||     1
  Use: Potion            |       |     1 ||     1
  Eat: Chunk             |     2 |     6 ||     8
Armor: Leather armour    |    12 |    28 ||    40
Dodge: Dodged            |    40 |    95 ||   135
Block: Large shield      |       |    15 ||    15
